 Dungeon Crawl Stone Soup version 0.29-a0-284-gf9362112df (webtiles) character file.

Game seed: 244619235557241079

2823 spaghetti the Fighter (level 9, -20/116 HPs)
             Began as an Ogre Earth Elementalist on Mar 21, 2022.
             Was an Initiate of Gozag.
             Demolished by a white ugly thing (32 damage)
             ... on level 8 of the Dungeon.
             The game lasted 00:16:36 (7994 turns).

spaghetti the Fighter (Ogre Earth Elementalist)     Turns: 7994, Time: 00:16:37

Health: -20/116    AC:  7    Str: 16    XL:     9   Next: 73%
Magic:  15/23      EV:  9    Int: 20    God:    Gozag
Gold:   602        SH:  0    Dex:  9    Spells: 19/28 levels left

rFire   . . .      SeeInvis .   y - +0 whip (venom) {mace}
rCold   . . .      Faith    .   (no shield)
rNeg    . . .      Spirit   .   b - +0 robe
rPois   .          Reflect  .   (helmet restricted)
rElec   .          Harm     .   (no cloak)
rCorr   .          Rampage  .   (gloves unavailable)
Will    +....                   (boots unavailable)
Stlth   +.........              B - amulet of regeneration {@e2}
HPRegen 1.89/turn               v - +4 ring of protection
MPRegen 0.18/turn               x - ring of willpower

@: very slightly contaminated
A: large, unfitting armour, tough skin 1, regeneration 1, robust 1, strong 1
a: Renounce Religion, Potion Petition, Call Merchant, Bribe Branch


You were on level 8 of the Dungeon.
You worshipped Gozag.
Gozag was pleased with you.
You visited 2 branches of the dungeon, and saw 10 of its levels.

You collected 765 gold pieces.
You spent 110 gold pieces at shops.
You paid 53 gold pieces to Gozag.


Innate Abilities, Weirdness & Mutations

You are too large for most types of armour.
You have tough skin. (AC +1)
Your natural rate of healing is unusually fast.
You are robust. (+10% HP)
Your muscles are strong. (Str +2)


   Skills:
 * Level 12.0 Fighting
 - Level 1.7 Dodging
 - Level 1.4 Stealth
 - Level 10.0 Spellcasting
 - Level 2.0 Conjurations
 - Level 0.8 Transmutations
 - Level 2.6 Earth Magic


You had 19 spell levels left.
You knew the following spells:

 Your Spells              Type           Power      Damage    Failure   Level
a - Sandblast             Erth           40%        2d10      2%          1
b - Magic Dart            Conj           72%        1d6       3%          1
c - Passwall              Tmut/Erth      14%        N/A       4%          2
d - Call Imp              Summ           10%        N/A       11%         2
e - Swiftness             Air            10%        N/A       21%         3

Your spell library contained the following spells:

 Spells                   Type           Power      Damage    Failure   Level
 Animate Skeleton         Necr           20%        N/A       7%          1
 Pain                     Necr           40%        1d6       7%          1
 Stone Arrow              Conj/Erth      38%        3d9       8%          3
 Ensorcelled Hibernation  Hex/Ice        20%        N/A       11%         2
 Sublimation of Blood     Necr           10%        N/A       11%         2
 Mephitic Cloud           Conj/Pois/Air  12%        N/A       16%         3
 Spider Form              Tmut/Pois      11%        N/A       17%         3
 Ozocubu's Armour         Ice            10%        N/A       21%         3
 Vampiric Draining        Necr           10%        2d6       21%         3
 Petrify                  Tmut/Erth      17%        N/A       32%         4
 Anguish                  Hex/Necr       5%         N/A       56%         4
 Cause Fear               Hex            5%         N/A       56%         4
 Irradiate                Conj/Tmut      7%         3d15      71%         5
 Dragon Form              Tmut           6%         N/A       100%        7
 Ozocubu's Refrigeration  Ice            5%         4d6       100%        7
 Dragon's Call            Summ           5%         N/A       100%        9

Inventory:

Hand Weapons
 d - a +0 dagger {short}
   (You found it on level 1 of the Dungeon)
 e - a +0 short sword {short}
   (You took it off a kobold on level 1 of the Dungeon)
 y - a +0 whip of venom (weapon) {mace}
   (You took it off an orc on level 4 of the Dungeon)
 D - a +3 falchion {long}
   (You took it off a goblin on level 4 of the Dungeon)
Missiles
 a - 371 stones {throwing}
 z - 3 large rocks {=fthrowing}
 E - 46 poisoned darts {throwing}
 L - a curare-tipped dart {=fthrowing}
Armour
 b - a +0 robe (worn)
Magical Staves
 G - a staff of fire {!astaff}
   (You found it on level 5 of the Dungeon)
Jewellery
 g - a ring of see invisible
   (You found it on level 5 of the Dungeon)
 p - a ring of positive energy
   (You found it on level 2 of the Dungeon)
 v - a +4 ring of protection (left hand)
   (You found it on level 3 of the Dungeon)
 x - a ring of willpower (right hand)
   (You found it on level 4 of the Dungeon)
 B - an amulet of regeneration (around neck) {@e2}
   (You took it off a goblin on level 4 of the Dungeon)
Wands
 w - a wand of iceblast (11)
   (You found it on level 3 of the Dungeon)
 A - a wand of acid (2)
   (You found it on level 4 of the Dungeon)
Scrolls
 c - 2 scrolls of torment {!r}
 h - 2 scrolls of amnesia
 i - a scroll of fog {unknown}
 k - a scroll of acquirement {unknown}
 l - 4 scrolls of teleportation {@r4}
 o - 2 scrolls of fear
 r - 3 scrolls of immolation {!r!r}
 s - a scroll of enchant armour {unknown}
 t - a scroll of enchant weapon {unknown}
 C - a scroll of holy word {unknown}
 I - a scroll of magic mapping {unknown}
 K - a scroll of noise {unknown}
Potions
 f - a potion of mutation {!q}
 j - a potion of lignification {!q}
 m - a potion of brilliance
 n - 4 potions of curing {@q1}
 q - 3 potions of might
 u - 2 potions of heal wounds {@q2}
 F - 2 potions of invisibility
 H - a potion of resistance {unknown}
 J - a potion of attraction {unknown}
 M - a potion of flight {unknown}
 N - a potion of degeneration {unknown}

Dungeon Overview and Level Annotations

Branches:
Dungeon (9/15)             Temple (1/1) D:4
   Lair: D:8-11         Orc: D:9-12

Altars:
Ashenzari
Dithmenos
Elyvilon
Fedhas
Gozag
Hepliaklqana
Makhleb
Nemelex Xobeh
Okawaru
Qazlal
Ru
Sif Muna
Trog
Uskayaw
Vehumet
Wu Jian
Yredelemnul
Zin
The Shining One

Shops:
D:8 (*

Annotations:
D:6 3 runed translucent doors, sammy202020's ghost, novice DsBe

#.........§).........##..
#.####≈≈≈≈≈#.#######.##.#
#.# ##≈###§.[### #.##.#
#.# #..'∩'.....# #.##)#
#.# #.≈###§....## #.##)#
#.###.≈≈§≈≈.....####.##)#
#............[.......##.#
#######..u......####.##.#
#5@.....)#####.##)#
#g#................
#........########.#
########## #.# #.# #.#
#.. ###


You could see a white ugly thing (very poisoned), a gnoll (very poisoned, ally
target) and a friendly crimson imp (summoned).


Message History

You now have 602 gold pieces (gained 15).
Done exploring. 😎 HP[+8]
Your hp is fully restored (116).
Done exploring.
Done exploring.
Done exploring.
Done exploring.
Done exploring.
Done exploring.
Done exploring.
Done exploring.
Done exploring.
(D) Dungeon (T) Temple
Where to? (Enter - D:7, ? - help)
You see here a +0 dagger {short}.
There is a stone staircase leading down here.
You climb downwards.
There is a stone staircase leading up here.
Key pressed, stopping travel.
Unknown command.
Unknown command.
Unknown command.
A white ugly thing and a gnoll come into view.
There are monsters nearby!
There are monsters nearby!
There are monsters nearby!
The magic dart hits the white ugly thing.
The white ugly thing gurgles horribly!
You hear a shout! 😎 MP[-1]
You lost 1 mp, and now have 22/23 mp.
The magic dart hits the white ugly thing.
The gnoll shouts!
You hear a shout!
A gnoll comes into view. It is wielding a +0 flail. x2
A gnoll shaman comes into view. It is wielding a +0 whip.
The magic dart hits the white ugly thing but does no damage.
The gnoll shaman shouts!
You hear a shout!
The magic dart hits the white ugly thing.
The magic dart hits the white ugly thing.
A gnoll comes into view. It is wielding a +0 club.
The magic dart hits the white ugly thing.
The gnoll shouts!
You hear a shout!
You hit the white ugly thing but do no damage.
The white ugly thing is poisoned.
The white ugly thing closely misses you. x2
You hit the white ugly thing but do no damage.
The white ugly thing looks as sick as possible!
The gnoll shaman calls upon its god to speed up the gnoll.
The gnoll seems to speed up.
The white ugly thing claws you but does no damage. 😎 MP[-4]
You lost 4 mp, and now have 18/23 mp. 😎 MP[+1]
The gnoll attacks as you move away! The gnoll closely misses you.
The white ugly thing attacks as you move away!
The white ugly thing claws you but does no damage.
There is a stone staircase leading up here.
The white ugly thing claws you. The white ugly thing freezes you!
The gnoll hits you but does no damage.
You climb upwards.
There is a stone staircase leading down here. 😕 HP[-18]
You take 18 damage, and now have 98/116 hp.
Unknown command.
Unknown command.
Casting: Magic Dart (safe; 3% risk of failure)
Confirm with . or Enter, or press ? or * to list all spells.
A beastly little devil appears in a puff of flame.
The white ugly thing claws you! The white ugly thing freezes you!!
* * * LOW HITPOINT WARNING * * *
😨 HP[-42] MP[-2]
You take 42 damage, and now have 56/116 hp.
MASSIVE DAMAGE!! (PAUSE)
You lost 2 mp, and now have 17/23 mp.
You hit the gnoll but do no damage.
The gnoll is poisoned.
The white ugly thing claws you!
* * * LOW HITPOINT WARNING * * *
The white ugly thing freezes you!!
* * * LOW HITPOINT WARNING * * *
The gnoll hits you with a +0 flail.
* * * LOW HITPOINT WARNING * * *
Your crimson imp hits the gnoll but does no damage. 😱 HP[-36] MP[+1]
You take 36 damage, and now have 20/116 hp.
MASSIVE DAMAGE!! (PAUSE)
Okay, then.
Casting: Call Imp (safe; 11% risk of failure)
Confirm with . or Enter, or press ? or * to list all spells.
Okay, then.
Casting: Call Imp (safe; 11% risk of failure)
Confirm with . or Enter, or press ? or * to list all spells.
You miscast Swiftness.
You are very lightly contaminated with residual magic.
There is a short, sharp shower of sparks.
* * * LOW HITPOINT WARNING * * *
The white ugly thing claws you!
* * * LOW HITPOINT WARNING * * *
The white ugly thing freezes you!!
You die...
Your body crumbles into a pile of gold.

Skill      XL: |  1  2  3  4  5  6  7  8  9 |
---------------+----------------------------+-----
Spellcasting   | 3 4 5 6 8 9 10 | 10.0
Conjurations   | 2 |  2.0
Fighting       | 3 8 12 | 12.0
Dodging        | |  1.7
Stealth        | |  1.4
Transmutations | |  0.8
Earth Magic    | |  2.6

Action                   |  1- 3 |  4- 6 |  7- 9 || total
-------------------------+-------+-------+-------++-------
Melee: Short sword       |    48 |   118 |       ||   166
       Unarmed           |     1 |       |       ||     1
       Whip              |       |     8 |   291 ||   299
       Punch             |       |       |     4 ||     4
 Cast: Magic Dart        |    78 |    45 |   154 ||   277
       Sandblast         |    18 |    56 |    23 ||    97
       Call Imp          |       |     1 |    14 ||    15
       Passwall          |       |       |     9 ||     9
  Use: Potion            |     1 |     4 |       ||     5
       Scroll            |       |       |     7 ||     7
 Stab: Distracted        |       |       |     3 ||     3
Armor: Robe              |    32 |    70 |   159 ||   261
Dodge: Dodged            |    30 |    80 |   190 ||   300

Levels and vault maps discovered:
D:1:      dpeg_arrival_chambers_temple_mockup, layout_basic
D:2:      layout_basic, shapermc_ecumenical_altar_mp_highgroup,
          hex_intersection, serial_park_tiny_pond, kennysheep_generic_room_2
D:3:      layout_basic, serial_bayou_pond_d
D:4:      layout_gridville, temple_green, minmay_bent
D:5:      layout_basic, mainiacjoe_overflow_alcove_1, minitemple
D:6:      layout_rooms, ebering_ghost_rock_garden, corner_web_ring,
          minmay_misc_feat_pillars, water_maze_lemuel
D:7:      layout_basic, kennysheep_slug_shrine, kennysheep_generic_room_12
D:8:      minmay_skewed_foursquare, layout_loops_ring, serial_shops,
          kennysheep_mini_moat, shop
D:9:      layout_small_grid
Temple:   jpeg_temple_clearing

Notes
Turn   | Place    | Note
-------+----------+-------------------------------------------
     0 | D:1      | spaghetti the Ogre Earth Elementalist began the quest for
                  | the Orb.
     0 | D:1      | Reached XP level 1. HP: 16/16 MP: 3/3
     0 | D:1      | magus.rc [v1.9.6]
   107 | D:1      | You pick up a book of Minor Magic and begin reading...
   107 | D:1      | You add the spells Magic Dart, Call Imp and Mephitic Cloud
                  | to your library.
   180 | D:1      | Learned a level 1 spell: Magic Dart
   300 | D:1      | Reached skill level 3 in Spellcasting
   366 | D:1      | Reached XP level 2. HP: 24/24 MP: 0/6
  1147 | D:1      | Learned a level 2 spell: Passwall
  1150 | D:1      | Learned a level 2 spell: Call Imp
  1168 | D:1      | You add the spells Ozocubu's Armour and Ozocubu's
                  | Refrigeration to your library.
  1598 | D:2      | Reached XP level 3. HP: 31/31 MP: 0/8
  1753 | D:2      | Reached skill level 4 in Spellcasting
  1944 | D:2      | Gained mutation: Your muscles are strong. (Str +2) [potion
                  | of mutation]
  1944 | D:2      | Gained mutation: You are robust. (+10% HP) [potion of
                  | mutation]
  1944 | D:2      | Gained mutation: Your natural rate of healing is unusually
                  | fast. [potion of mutation]
  2166 | D:2      | You pick up a book of Dreams and begin reading...
  2166 | D:2      | You add the spells Ensorcelled Hibernation, Spider Form and
                  | Anguish to your library.
  2318 | D:2      | Found a faded altar of an unknown god.
  2553 | D:3      | Reached XP level 4. HP: 42/42 MP: 2/10
  2560 | D:3      | Reached skill level 5 in Spellcasting
  2566 | D:3      | HP: 8/42 [orc/+0 trident (5)]
  2972 | D:3      | Reached XP level 5. HP: 39/49 MP: 1/13
  3230 | D:3      | Reached skill level 6 in Spellcasting
  3475 | D:4      | Reached XP level 6. HP: 37/58 MP: 8/15
  3481 | D:4      | Reached skill level 7 in Spellcasting
  3571 | D:4      | You pick up a book of Alchemy and begin reading...
  3571 | D:4      | You add the spells Sublimation of Blood and Irradiate to
                  | your library.
  3764 | D:4      | Reached skill level 8 in Spellcasting
  3934 | D:4      | Reached XP level 7. HP: 64/64 MP: 14/18
  4017 | D:4      | Reached skill level 1 in Conjurations
  4307 | D:4      | Reached skill level 2 in Conjurations
  4593 | D:4      | Found a staircase to the Ecumenical Temple.
  4703 | Temple   | Entered the Ecumenical Temple
  4803 | Temple   | Became a worshipper of Gozag Ym Sagoz the Greedy
  4868 | D:5      | Entered Level 5 of the Dungeon
  4912 | D:5      | Reached skill level 2 in Fighting
  5076 | D:6      | Reached skill level 3 in Fighting
  5170 | D:6      | Reached XP level 8. HP: 85/85 MP: 17/20
  5208 | D:6      | Reached skill level 4 in Fighting
  5208 | D:6      | Reached skill level 9 in Spellcasting
  5322 | D:5      | Reached skill level 5 in Fighting
  5666 | D:5      | Found a hazy altar of Hepliaklqana.
  6000 | D:5      | Found a basalt altar of Yredelemnul.
  6004 | D:5      | Found a shimmering blue altar of Sif Muna.
  6007 | D:5      | Found a white marble altar of Elyvilon.
  6009 | D:5      | Found an iron altar of Okawaru.
  6252 | D:6      | You pick up a book of Necromancy and begin reading...
  6252 | D:6      | You add the spells Pain, Animate Skeleton and Vampiric
                  | Draining to your library.
  6267 | D:6      | Found a runed translucent gate.
  6267 | D:6      | Found a runed translucent gate.
  6267 | D:6      | Found a runed translucent gate.
  6358 | D:6      | Reached skill level 6 in Fighting
  6408 | D:6      | Noticed a komodo dragon
  6423 | D:6      | Killed a komodo dragon
  6424 | D:6      | Reached skill level 7 in Fighting
  6491 | D:6      | Noticed sammy202020's ghost (novice DsBe)
  6731 | D:6      | Reached skill level 8 in Fighting
  6731 | D:6      | Reached XP level 9. HP: 101/105 MP: 16/22
  6904 | D:7      | Reached skill level 10 in Spellcasting
  6930 | D:8      | Reached skill level 9 in Fighting
  6932 | D:8      | You pick up a book of the Dragon and begin reading...
  6932 | D:8      | You add the spells Cause Fear, Dragon Form and Dragon's
                  | Call to your library.
  6936 | D:8      | You pick up a book of Burglary and begin reading...
  6944 | D:8      | Learned a level 3 spell: Swiftness
  7203 | D:8      | You pick up a book of Alchemy and begin reading...
  7240 | D:8      | Reached skill level 10 in Fighting
  7298 | D:8      | Reached skill level 11 in Fighting
  7647 | D:8      | Found Kyruoheq's Weapon Shoppe.
  7730 | D:8      | Found Senyrcha's Assorted Antiques.
  7746 | D:8      | Bought a potion of heal wounds for 110 gold pieces
  7900 | D:8      | Reached skill level 12 in Fighting
  7978 | D:9      | Noticed a white ugly thing
  7993 | D:8      | HP: 25/116 [white ugly thing (26)]
  7994 | D:8      | HP: 12/116 [white ugly thing (8)]
  7994 | D:8      | Demolished by a white ugly thing

Vanquished Creatures
  A komodo dragon (D:6)
  A yak (D:8)
  3 water moccasins
  An orc warrior (D:8)
  A sky beast (D:8)
  An ice beast (D:8)
  A phantom (D:4)
  5 kobold brigands
  A necrophage (D:6)
  2 bullfrogs (D:8)
  3 scorpions
  A howler monkey (D:7)
  3 hounds
  5 orc priests
  A jelly (D:8)
  3 iguanas
  5 orc wizards
  3 gnolls (D:6)
  6 adders
  A shadow imp (D:6)
  3 worms
  4 dart slugs
  25 orcs
  6 bats
  6 endoplasms
  7 giant cockroaches
  6 goblins
  5 hobgoblins
  4 quokkas
  8 ball pythons
  3 frilled lizards
  24 kobolds
  2 rats
151 creatures vanquished.

Vanquished Creatures (collateral kills)
  An orc warrior (D:6)
  A black bear (D:5)
  A centaur (D:6)
  2 orc priests (D:5)
  A gnoll (D:6)
  A quokka (D:5)
  A ball python (D:4)
8 creatures vanquished.

Grand Total: 159 creatures vanquished

Table legend:
 A = Non-vault XP
 B = Vault XP
 C = Vault XP percentage of total XP
 D = Non-vault monster count
 E = Vault monster count
 F = Vault count percentage of total count
                 A         B        C        D         E       F
            +---------+---------+-------+---------+---------+-------
      Total |    3394 |     640 |  15.9 |     143 |      16 |  10.1
            +---------+---------+-------+---------+---------+-------
        D:1 |      32 |       0 |   0.0 |      19 |       0 |   0.0
        D:2 |      24 |      20 |  45.5 |      12 |       3 |  20.0
        D:3 |     135 |       0 |   0.0 |      23 |       0 |   0.0
        D:4 |     612 |      87 |  12.4 |      25 |       8 |  24.2
        D:5 |     426 |       0 |   0.0 |      13 |       0 |   0.0
        D:6 |    1015 |       0 |   0.0 |      19 |       0 |   0.0
        D:7 |     239 |       0 |   0.0 |       3 |       0 |   0.0
        D:8 |     911 |     533 |  36.9 |      29 |       5 |  14.7
            +---------+---------+-------+---------+---------+-------

Illustrated notes

Table legend:
 A = Kills in this place as a percentage of kills in entire the game.
 B = Kills by you in this place as a percentage of kills by you in the entire game.
 C = Kills by friends in this place as a percentage of kills by friends in the entire game.
 D = Other kills in this place as a percentage of other kills in the entire game.
 E = Experience gained in this place as a percentage of experience gained in the entire game.
 F = Experience gained in this place divided by the number of levels of this place that you have seen.
                   A       B       C       D       E      F
               +-------+-------+-------+-------+-------+----------------------
         Total | 100.0 | 100.0 | 100.0 |   N/A | 100.0 | 403.4
       Dungeon | 100.0 | 100.0 | 100.0 |   N/A | 100.0 | 448.2
               +-------+-------+-------+-------+-------+----------------------

Table legend: (Time is in decaauts)
 A = Elapsed time spent in this place.
 B = Non-inter-level travel time spent in this place.
 C = Inter-level travel time spent in this place.
 D = Time resting spent in this place.
 E = Time spent auto-exploring this place.
 F = Levels seen in this place.
 G = Mean time per level.
                   A        B        C        D        E       F      G
               +--------+--------+--------+--------+--------+-----+--------+
         Total |   8044 |   7707 |    337 |    626 |   5575 |  10 |  804.4 |
       Dungeon |   7925 |   7612 |    313 |    626 |   5493 |   9 |  880.6 |
        Temple |    118 |     95 |     23 |      0 |     82 |   1 |  118.0 |
               +--------+--------+--------+--------+--------+-----+--------+

Top non-repeatable levels by time:
     D:1: 1585 daAuts
     D:4: 1391 daAuts
     D:8: 1069 daAuts
     D:5: 1012 daAuts
     D:3: 964 daAuts
     D:2: 875 daAuts
     D:6: 874 daAuts
     D:7: 137 daAuts
  Temple: 118 daAuts
     D:9: 15 daAuts
